 Dungeon Sprint DCSS version 0.21-a0-216-g6d3fd91 (webtiles) character file.

389 potatolord6000 the Blocker (level 6, 0/40 HPs)
             Began as a Gargoyle Fighter on Aug 23, 2017.
             Slain by a neqoxec (2 damage)
             ... in the Dungeon (Sprint II: "The Violet Keep of Menkaure").
             The game lasted 00:01:06 (35 turns).

potatolord6000 the Blocker (Gargoyle Fighter)         Turns: 35, Time: 00:01:07

Health: 0/40       AC:  9    Str: 24    XL:     6   Next: 79%
Magic:  6/6        EV:  8    Int:  9    God:
Gold:   0          SH: 11    Dex:  9    Spells: 5/5 levels left

rFire    . . .     SeeInvis .   a - +0 flail
rCold    . . .     Gourm    .   c - +0 shield
rNeg     + . .     Faith    .   b - +0 scale mail
rPois    ∞         Spirit   .   (no helmet)
rElec    +         Reflect  .   (no cloak)
rCorr    .         Harm     .   (no gloves)
MR       .....     NoTele   +   (no boots)
Stlth    ..........             (no amulet)
HPRegen  0.13/turn              (no ring)
MPRegen  0.10/turn              (no ring)

@: mighty, hasted (expiring), very quick
A: deformed body, frail 1, negative energy resistance 1, electricity resistance,
weak 1, unbreathing, petrification resistance, rot immunity, AC +4
a: no special abilities


You were in the Dungeon.
You were not hungry.

You visited 1 branch

Inventory:

Hand Weapons
 a - a +0 flail (weapon)
Armour
 b - a +0 scale mail (worn)
 c - a +0 shield (worn)
Scrolls
 k - a scroll of blinking
Potions
 e - a potion of curing
 i - 2 potions of magic
 j - a potion of berserk rage
Comestibles
 f - a bread ration


   Skills:
 + Level 8.3 Fighting
 + Level 7.3 Maces & Flails
 + Level 8.4 Armour
 + Level 8.4 Shields


You had 5 spell levels left.
You didn't know any spells.

Dungeon Overview and Level Annotations

Branches:
Dungeon (1/1)

Altars:


Innate Abilities, Weirdness & Mutations

You are resistant to torment.
Your stone body is resilient. (AC +4)
You are immune to poison.
You resist negative energy. (rN+)
You are resistant to electric shocks. (rElec)
You can survive without breathing.
You are immune to petrification.
You are immune to rotting.
Armour fits poorly on your strangely shaped body.
You are frail. (-10% HP)
You are weak. (Str -2)


Message History

The white imp gestures at you. The puff of frost hits you!
* * * LOW HITPOINT WARNING * * *
Unknown command.
Unknown command.
You thump the neqoxec!
You kill the neqoxec!
The iron imp disappears in a puff of smoke!
The white imp disappears in a puff of smoke!
The crimson imp disappears in a puff of smoke!
Your Fighting skill increases to level 8!
Your Maces & Flails skill increases to level 7!
Your Armour skill increases to level 8!
Your Shields skill increases to level 8!
You barely miss the neqoxec.
Unknown command.
Unknown command.
Your shield prevents you from hitting the neqoxec.
The neqoxec hits you.
You die...

###
##
5§##.
55.
#3#
##@##
+.§§+
##.##
#+#


You could see a neqoxec, 2 quasits and a white imp.

Vanquished Creatures
  3 neqoxecs (D)
3 creatures vanquished.

Vanquished Creatures (others)
  2 crocodiles (D)
2 creatures vanquished.

Grand Total: 5 creatures vanquished

Notes
Turn   | Place    | Note
-------+----------+-------------------------------------------
     0 | D        | potatolord6000 the Gargoyle Fighter began the quest for the Orb.
     0 | D        | Reached XP level 1. HP: 14/14 MP: 1/1
     1 | D        | Noticed a neqoxec
     1 | D        | Noticed a neqoxec
     1 | D        | Noticed a neqoxec
     1 | D        | Noticed a neqoxec
     2 | D        | Noticed an iron imp
     2 | D        | Noticed a crimson imp
     7 | D        | Noticed a quasit
    13 | D        | Killed a neqoxec
    13 | D        | Reached skill level 5 in Maces & Flails
    13 | D        | Reached XP level 2. HP: 2/22 MP: 2/2
    13 | D        | Reached XP level 3. HP: 2/27 MP: 3/3
    13 | D        | Reached XP level 4. HP: 3/32 MP: 4/4
    13 | D        | Reached XP level 5. HP: 3/36 MP: 5/5
    13 | D        | Gained mutation: You are weak. (Str -2) [a neqoxec]
    15 | D        | Gained mutation: You are frail. (-10% HP) [a neqoxec]
    20 | D        | Killed a neqoxec
    20 | D        | Reached XP level 6. HP: 12/39 MP: 6/6
    28 | D        | Gained mutation: Armour fits poorly on your strangely shaped body. [a neqoxec]
    32 | D        | HP: 1/39 [white imp/puff of frost[a neqoxec] (5)]
    33 | D        | Killed a neqoxec
    35 | D        | Slain by a neqoxec

Vault maps used:
D:        the_violet_keep_of_menkaure

Skill      XL: |  1  2  3  4  5  6 |
---------------+-------------------+-----
Fighting       | 6 7 8 |  8.3
Maces & Flails | 5 6 7 |  7.3
Armour         | 6 7 8 |  8.4
Shields        | 6 7 8 |  8.4

Action                   |  1- 3 |  4- 6 || total
-------------------------+-------+-------++-------
Melee: Flail             |    10 |    21 ||    31
  Use: Potion            |     2 |     1 ||     3
Armor: Scale mail        |     3 |     6 ||     9
Dodge: Dodged            |     1 |     4 ||     5
Block: Shield            |       |     9 ||     9

Table legend:
 A = Spawn XP
 B = Non-spawn XP
 C = Spawn XP percentage of total XP
 D = Spawn monster count
 E = Non-spawn monster count
 F = Spawn count percentage of total count
 G = Total turns spent on level
                    A         B        C        D         E        F      G
               +---------+---------+-------+---------+---------+-------+---------
         Total |       0 |     556 |   0.0 |       0 |       3 |   0.0 |    35
               +---------+---------+-------+---------+---------+-------+---------
             D |       0 |     556 |   0.0 |       0 |       3 |   0.0 |    35
               +---------+---------+-------+---------+---------+-------+---------
